 Dungeon Crawl Stone Soup version 0.31.0-32-g396128a36d (webtiles) character file.

Game seed: 10563975432910417824

6131 SaintQuokka the Fighter (level 10, -11/74 HPs)
             Began as an Octopode Shapeshifter on Apr 14, 2024.
             Was an Initiate of Gozag.
             Mangled by a warg (22 damage)
             ... on level 9 of the Dungeon.
             The game lasted 00:20:49 (11205 turns).

SaintQuokka the Fighter (Octopode Shapeshifter)    Turns: 11205, Time: 00:20:50

Health: -11/74     AC:  1    Str: 20    XL:     10   Next: 89%
Magic:  19/20      EV: 17    Int: 23    God:    Gozag
Gold:   1199       SH:  0    Dex: 11    Spells: 8/11 levels left

rFire   . .          .
                       - Unarmed
rCold   . . .        (shield currently unavailable)
rNeg    . . .        (helmet restricted)
rPois   .            (no amulet)
rElec   .            M - ring of magical power
rCorr   .            I - +6 ring of intelligence
SInv    .            S - +6 ring of strength
Will    .....        (no ring)
Stlth   +            (no ring)
HPRegen 0.32/turn    (no ring)
MPRegen 0.17/turn    (no ring)
                     (no ring)

%: no passive effects
@: flux-form, gold aura, glowing
A: glow, contaminating, almost no armour, amphibious, 8 rings, camouflage 1,
gelatinous body 1, (nimble swimmer 1), tentacles
a: Begin Untransformation, Renounce Religion, Potion Petition, Call Merchant,
Bribe Branch


You were on level 9 of the Dungeon.
You worshipped Gozag.
Gozag was most pleased with you.
You were something dangerously unstable.
You visited 2 branches of the dungeon, and saw 10 of its levels.
You also visited: Sewer.

You collected 1624 gold pieces.
You spent 360 gold pieces at shops.
You paid 65 gold pieces to Gozag.


Innate Abilities, Weirdness & Mutations

You are something dangerously unstable.
You glow with magical radiation, making you easy to see and hit.
Foes you strike become dangerously contaminated with magical radiation.
You are incapable of wielding weapons or throwing items.
You cannot wear most types of armour.
You are amphibious.
You can wear up to eight rings at the same time.
Your skin changes colour to match your surroundings (Stealth+).
Your rubbery body absorbs attacks. (AC +1, EV +1)
((You are camouflaged when in or above water. (Stealth+)))
You have tentacles for arms and can constrict up to eight enemies at once.


   Skills:
 - Level 9.0 Fighting
 - Level 3.0 Dodging
 + Level 8.2 Unarmed Combat
 - Level 1.0 Spellcasting
 - Level 3.0 Conjurations
 - Level 3.0 Air Magic
 - Level 4.0 Alchemy
 - Level 4.0 Evocations
 - Level 8.0 Shapeshifting


You had 8 spell levels left.
You knew the following spells:

 Your Spells              Type           Power      Damage    Failure   Level
m - Mephitic Cloud        Conj/Alch/Air  16%        N/A       11%         3

Your spell library contained the following spells:

 Spells                   Type           Power      Damage    Failure   Level
 Sting                    Conj/Alch      68%        1d7       3%          1
 Mercury Vapours          Alch/Air       34%        N/A       4%          2
 Swiftness                Air            14%        N/A       12%         3
 Apportation              Tloc           2%         N/A       14%         1
 Necrotise                Necr           4%         1d4       14%         1
 Summon Small Mammal      Summ           4%         N/A       14%         1
 Ensorcelled Hibernation  Hex/Ice        2%         N/A       22%         2
 Dazzling Flash           Conj/Hex       16%        N/A       22%         3
 Passwall                 Erth           1%         N/A       38%         3
 Volatile Blastmotes      Fire/Tloc      2%         2d10      38%         3
 Freezing Cloud           Conj/Ice/Air   5%         6-21      86%         5
 Starburst                Conj/Fire      4%         6d3       100%        6
 Maxwell's Capacitive Co  Air            7%         ∞         100%        8

Inventory:

Missiles
 n - 26 poisoned darts (quivered)
Magical Staves
 u - a staff of earth {!a}
Jewellery
 F - a ring of fire
 I - a +6 ring of intelligence (right tentacle)
 M - a ring of magical power (left tentacle)
 S - a +6 ring of strength (on tentacle)
Talismans
 b - a beast talisman
 c - a flux talisman (active)
Wands
 q - a wand of flame (20)
 A - a wand of paralysis (38)
 B - a wand of mindburst (8)
 E - a wand of acid (14)
Scrolls
 g - 4 scrolls of blinking {unknown}
 i - 2 scrolls of amnesia {unknown}
 l - 2 scrolls of poison {unknown}
 o - 2 scrolls of enchant armour {unknown}
 p - 2 scrolls of vulnerability {unknown}
 r - a scroll of enchant weapon {unknown}
 s - 4 scrolls of teleportation {unknown}
 v - 2 scrolls of fear {unknown}
 w - 2 scrolls of fog {unknown}
 y - a scroll of acquirement {unknown}
 C - 2 scrolls of revelation {unknown}
Potions
 a - a potion of invisibility {unknown}
 d - 3 potions of curing {@q1}
 e - 2 potions of attraction
 f - 3 potions of berserk rage {unknown}
 h - 2 potions of ambrosia
 j - a potion of might {unknown}
 k - a potion of resistance {unknown}
 m - a potion of haste {unknown}
 t - a potion of enlightenment {unknown}
 x - 2 potions of heal wounds {@q2}
 z - a potion of mutation {unknown}
 D - 2 potions of magic

Dungeon Overview and Level Annotations

Branches:
Dungeon (9/15)             Temple (1/1) D:4           Sewer (visited)
   Lair: D:8-11         Orc: D:9-12

Altars:
Ashenzari
Cheibriados
Dithmenos
Elyvilon
Fedhas
Gozag
Hepliaklqana
Kikubaaqudgha
Makhleb
Nemelex Xobeh
Okawaru
Qazlal
Ru
Sif Muna
Trog
Uskayaw
Wu Jian
Xom
Yredelemnul
The Shining One

Shops:
D:1 =

Annotations:
D:4 1 runed translucent door, Crazy Yiuf

#####...##..........
##.................# ###.[.#
#..................###.....##
.......#...##.......##......#..
.......###..##......##.........
.........h...#.....###........##
#..#.....#...#..#.###.........#
#.....o..##..(.##.##..........#
#..........o..hp#..#.........##
#./o..o$.#....S##.............##
.......##$###...###............#.
........#.#..o...........)###..#.
....o......[.............))##....
.........#..............).####...
......####.......#........)##....
.#.... .......###...#..........
.#.... ..............###..#...##


You could see a warg, a water moccasin (heavy contam), a wolf, an orc priest and
an orc.


Message History

The water moccasin closely misses you.
The orc priest says, "Why is everything spinning?"
The water moccasin closely misses you. The warg attacks as it pursues you!
The warg completely misses you. The warg bites you!
* * * LOW HITPOINT WARNING * * *
You feel much better. The water moccasin closely misses you.
The warg stops to sniff the ground.
The warg misses you. The water moccasin bites you!
Unknown command.
You barely miss the water moccasin. You grab the water moccasin.
You squeeze the water moccasin, but do no damage.
You constrict the water moccasin. The warg barely misses you.
The water moccasin misses you.
Unknown command.
You tentacle-slap the water moccasin.
The water moccasin begins to glow.
You squeeze the water moccasin!
The water moccasin is heavily wounded.
You constrict the water moccasin. The warg bites you!!
* * * LOW HITPOINT WARNING * * *
A wolf comes into view.
The water moccasin bites you!
* * * LOW HITPOINT WARNING * * *
The wolf howls!
You bludgeon the water moccasin!
The water moccasin glows dangerously bright.
The water moccasin is almost dead.
You constrict the water moccasin. The warg bites you!!
You die...
Your body crumbles into a pile of gold.

Skill      XL: |  1  2  3  4  5  6  7  8  9 10 |
---------------+-------------------------------+-----
Fighting       | 2 3 4 5 6 8 9 |  9.0
Shapeshifting  | 5 6 7 8 |  8.0
Unarmed Combat | 4 6 7 8 |  8.2
Spellcasting   | 1 |  1.0
Alchemy        | 2 4 |  4.0
Conjurations   | 2 3 |  3.0
Air Magic      | 2 3 |  3.0
Dodging        | 3 |  3.0
Evocations     | 3 4 |  4.0

Action                     |  1- 3 |  4- 6 |  7- 9 | 10-12 || total
---------------------------+-------+-------+-------+-------++-------
  Melee: Unarmed           |    86 |   113 |   235 |   148 ||   582
         Constrict         |    24 |    35 |    48 |    47 ||   154
         Tentacles         |    10 |    28 |    80 |    59 ||   177
         Punch             |     1 |       |     1 |       ||     2
  Throw: Dart              |       |    14 |    20 |       ||    34
   Cast: Mephitic Cloud    |       |       |       |    10 ||    10
  Evoke: Wand              |       |       |     2 |     7 ||     9
    Use: Potion            |       |       |     1 |     3 ||     4
         Scroll            |       |       |       |     5 ||     5
   Stab: Sleeping          |     8 |     4 |     5 |       ||    17
         Confused          |       |       |       |     4 ||     4
         Distracted        |       |       |       |     1 ||     1
 Armour: Skin              |    34 |    37 |   115 |    73 ||   259
  Dodge: Dodged            |    46 |    57 |   162 |    99 ||   364
   Form: Flux              |       |       |     1 |       ||     1

Levels and vault maps discovered:
D:1:      wander_arrival_estate, layout_rooms, serial_shops, shop,
          minmay_hexomino_r4
D:2:      layout_rooms, basic_altar, moated_statue, minivault_23,
          kennysheep_generic_room_14, uniq_jessica
D:3:      layout_loops_ring, st_stairs_12, uniq_terence
D:4:      layout_rooms, jmf_multi_god_temple, minmay_temple_entry_butterflies,
          uniq_natasha, uniq_robin, uniq_crazy_yiuf_cottage
D:5:      kennysheep_windowed_halls, layout_rooms,
          mainiacjoe_sewer_entry_somewhere_in_here_2
D:6:      layout_loops_ring, lemuel_tele_altar, grunt_potential
D:7:      layout_loops_ring, grunt_temple_overflow_holy_war,
          kennysheep_cluttered_room, minmay_quadrilaterals, uniq_joseph
D:8:      layout_gridville
D:9:      layout_cave_pools, nicolae_overflow_hidden_temple,
          erik_lair_orcish_takeover, due_unseen_surprise
Temple:   nicolae_temple_superstar

Notes
Turn   | Place    | Note
-------+----------+-------------------------------------------
     0 | D:1      | SaintQuokka the Octopode Shapeshifter began the quest for
                  | the Orb.
     0 | D:1      | Reached XP level 1. HP: 13/13 MP: 1/1
    80 | D:1      | Reached skill level 2 in Fighting
    80 | D:1      | Reached XP level 2. HP: 18/19 MP: 2/2
   253 | D:1      | Found Ukumn's Jewellery Boutique.
   307 | D:1      | Reached XP level 3. HP: 25/25 MP: 3/3
   331 | D:1      | Reached skill level 3 in Fighting
   803 | D:2      | Noticed Jessica
   995 | D:2      | Reached XP level 4. HP: 28/33 MP: 4/4
  1047 | D:2      | Found a basalt altar of Yredelemnul.
  1343 | D:2      | Killed Jessica
  1344 | D:2      | Reached skill level 4 in Fighting
  1436 | D:2      | Found a basalt altar of Yredelemnul.
  1931 | D:3      | Noticed Terence
  1941 | D:3      | Killed Terence
  1942 | D:3      | Reached XP level 5. HP: 23/37 MP: 5/5
  2231 | D:3      | Identified the +4 robe of Zin, Mashing {MP+9 Str+7}
  2318 | D:3      | Reached skill level 4 in Shapeshifting
  2404 | D:4      | Noticed Robin
  2471 | D:4      | Found a staircase to the Ecumenical Temple.
  2485 | Temple   | Entered the Ecumenical Temple
  2506 | Temple   | Became a worshipper of Gozag Ym Sagoz the Greedy
  2576 | D:4      | Reached skill level 5 in Shapeshifting
  2576 | D:4      | Reached XP level 6. HP: 43/43 MP: 6/6
  2891 | D:4      | Noticed Natasha
  2895 | D:4      | Killed Natasha
  3078 | D:4      | Killed Robin
  3201 | D:4      | Found a sacrificial altar of Ru.
  3218 | D:4      | Found a white marble altar of Elyvilon.
  3306 | D:4      | Reached skill level 4 in Unarmed Combat
  3427 | D:4      | Found a runed translucent door.
  3428 | D:4      | Noticed Crazy Yiuf
  3452 | D:4      | Noticed Natasha
  3456 | D:4      | Killed Natasha
  3500 | D:4      | Noticed Natasha
  3505 | D:4      | Killed Natasha
  3556 | D:4      | Found a staircase to the Ecumenical Temple.
  3845 | D:4      | Found a sacrificial altar of Ru.
  3858 | D:4      | Found a white marble altar of Elyvilon.
  4044 | D:5      | Entered Level 5 of the Dungeon
  4110 | D:5      | Reached XP level 7. HP: 23/49 MP: 7/7
  4112 | D:5      | Found a glowing drain.
  4147 | Sewer    | Entered a sewer
  4216 | Sewer    | Noticed Pargi
  4226 | Sewer    | Reached skill level 5 in Fighting
  4244 | Sewer    | Killed Pargi
  4543 | D:5      | Reached skill level 6 in Shapeshifting
  4885 | D:5      | Reached XP level 8. HP: 55/55 MP: 8/8
  4942 | D:5      | Reached skill level 7 in Shapeshifting
  5261 | D:5      | Reached skill level 5 in Unarmed Combat
  5287 | D:5      | Reached skill level 6 in Fighting
  5413 | D:5      | Reached skill level 6 in Unarmed Combat
  5421 | D:5      | Noticed a shadow
  5434 | D:5      | Killed a shadow
  5437 | D:5      | HP: 8/87 [vampire mosquito (7)]
  5442 | D:5      | Reached XP level 9. HP: 7/63 MP: 9/9
  5723 | D:5      | Reached skill level 7 in Fighting
  5723 | D:5      | Reached skill level 7 in Unarmed Combat
  6054 | D:1      | Bought a +6 ring of intelligence for 360 gold pieces
  6059 | D:1      | Learned a level 3 spell: Mephitic Cloud
  6512 | D:6      | Reached skill level 1 in Spellcasting
  6512 | D:6      | Reached skill level 1 in Alchemy
  6523 | D:6      | Reached skill level 1 in Conjurations
  6523 | D:6      | Reached skill level 1 in Air Magic
  6528 | D:6      | Reached skill level 3 in Dodging
  6528 | D:6      | Reached skill level 2 in Air Magic
  6539 | D:6      | Reached skill level 2 in Alchemy
  7315 | D:6      | Found an iron altar of Okawaru.
  7405 | D:6      | Reached skill level 1 in Evocations
  7474 | D:7      | Reached skill level 8 in Fighting
  7523 | D:7      | Reached skill level 2 in Evocations
  7613 | D:7      | Reached skill level 3 in Evocations
  7613 | D:7      | Reached skill level 2 in Conjurations
  7883 | D:7      | Noticed Joseph
  7898 | D:7      | Reached XP level 10. HP: 66/72 MP: 11/11
  7973 | D:7      | Killed Joseph
  7974 | D:7      | Reached skill level 3 in Air Magic
  7974 | D:7      | Reached skill level 3 in Alchemy
  8254 | D:7      | Reached skill level 8 in Unarmed Combat
  8619 | D:7      | Noticed a gargoyle
  8629 | D:7      | Killed a gargoyle
  9192 | D:7      | Found a basalt altar of Yredelemnul.
  9194 | D:7      | Noticed a profane servitor
  9380 | D:7      | Found a glowing golden altar of the Shining One.
  9382 | D:7      | Noticed an angel
  9627 | D:8      | Reached skill level 8 in Shapeshifting
  9767 | D:8      | HP: 6/72 [poisoned by an orc wizard]
 10764 | D:8      | Reached skill level 3 in Conjurations
 10980 | D:9      | Noticed a two-headed ogre
 10994 | D:9      | Killed a two-headed ogre
 10995 | D:9      | Reached skill level 9 in Fighting
 10995 | D:9      | Reached skill level 4 in Evocations
 11190 | D:9      | Reached skill level 4 in Alchemy
 11205 | D:9      | Mangled by a warg

Vanquished Creatures
  A two-headed ogre (D:9)
  Joseph (D:7)
  A gargoyle (D:7)
  A shadow (D:5)
  2 wyverns
  A vampire mosquito (D:5)
  An acid dragon (D:6)
  A water moccasin (D:8)
  An ice beast (D:6)
  5 orc warriors
  Pargi (Sewer)
  2 black bears (D:5)
  5 ogres
  A wolf (D:9)
  2 centaurs
  A kobold brigand (D:6)
  2 bullfrogs
  A brain worm (Sewer)
  8 scorpions
  9 killer bees (D:7)
  3 howler monkeys
  2 bombardier beetles
  4 jellies
  3 lava snakes (D:7)
  6 orc priests
  4 hounds
  Terence (D:3)
  Jessica (D:2)
  4 iguanas (D:5)
  Natasha (thrice) (D:4)
  10 orc wizards
  Robin (D:4)
  12 adders
  A shadow imp (D:7)
  5 white imps (D:7)
  A ribbon worm (D:2)
  2 dart slugs
  32 orcs
  12 ball pythons
  8 endoplasms
  3 giant cockroaches
  15 goblins
  16 hobgoblins
  6 quokkas
  8 bats
  5 frilled lizards
  13 kobolds
  6 rats
234 creatures vanquished.

Table legend: (Time is in decaauts)
 A = Elapsed time spent in this place.
 B = Non-inter-level travel time spent in this place.
 C = Inter-level travel time spent in this place.
 D = Time resting spent in this place.
 E = Time spent auto-exploring this place.
 F = Levels seen in this place.
 G = Mean time per level.
                   A        B        C        D        E       F      G
               +--------+--------+--------+--------+--------+-----+--------+
         Total |  11147 |  10651 |    496 |   2581 |   6374 |  11 | 1013.4 |
       Dungeon |  10749 |  10294 |    455 |   2528 |   6179 |   9 | 1194.3 |
        Temple |     42 |      1 |     41 |      0 |      0 |   1 |   42.0 |
         Sewer |    354 |    354 |      0 |     53 |    195 |   1 |  354.0 |
               +--------+--------+--------+--------+--------+-----+--------+

Top non-repeatable levels by time:
     D:7: 2100 daAuts
     D:4: 1746 daAuts
     D:5: 1611 daAuts
     D:8: 1331 daAuts
     D:6: 1242 daAuts
     D:2: 1033 daAuts
     D:3: 808 daAuts
     D:1: 628 daAuts
   Sewer: 354 daAuts
     D:9: 245 daAuts
  Temple: 42 daAuts

Table legend:
 A = Non-vault XP
 B = Vault XP
 C = Vault XP percentage of total XP
 D = Non-vault monster count
 E = Vault monster count
 F = Vault count percentage of total count
                 A         B        C        D         E       F
            +---------+---------+-------+---------+---------+-------
      Total |    5148 |    3611 |  41.2 |     162 |      72 |  30.8
            +---------+---------+-------+---------+---------+-------
        D:1 |      45 |       7 |  13.5 |      27 |       4 |  12.9
        D:2 |      44 |      41 |  48.2 |      19 |       3 |  13.6
        D:3 |      30 |      39 |  56.5 |      10 |       2 |  16.7
        D:4 |     209 |     153 |  42.3 |      17 |      16 |  48.5
        D:5 |     735 |    1187 |  61.8 |      15 |      21 |  58.3
        D:6 |     370 |     846 |  69.6 |      15 |      10 |  40.0
        D:7 |    1470 |     962 |  39.6 |      24 |       6 |  20.0
        D:8 |     978 |       0 |   0.0 |      28 |       0 |   0.0
        D:9 |    1267 |     119 |   8.6 |       7 |       1 |  12.5
      Sewer |       0 |     257 | 100.0 |       0 |       9 | 100.0
            +---------+---------+-------+---------+---------+-------
